 Dungeon Crawl Stone Soup version 0.31-a0-803-g95b03c3367 (webtiles) character file.

Game seed: 17136250727281327664

219 Maratek the Ducker (level 5, 0/37 HPs)
             Began as an Octopode Fighter on Sept 20, 2023.
             Was an Initiate of Qazlal.
             Slain by a goblin
             ... wielding a +0 club
             ... led by Robin
              (3 damage)
             ... on level 3 of the Dungeon.
             The game lasted 00:01:47 (1593 turns).

Maratek the Ducker (Octopode Fighter)               Turns: 1593, Time: 00:01:47

Health: 0/37       AC:  1    Str: 17    XL:     5   Next: 96%
Magic:  5/5        EV: 14    Int: 10    God:    Qazlal [......]
Gold:   148        SH:  0    Dex: 12    Spells: 4/4 levels left

rFire   . . .        h - +0 scythe
rCold   . . .        (shield currently unavailable)
rNeg    . . .        (helmet restricted)
rPois   .            (no amulet)
rElec   .            (no ring)
rCorr   .            (no ring)
SInv    .            (no ring)
Will    .....        (no ring)
Stlth   +++          (no ring)
HPRegen 0.26/turn    (no ring)
MPRegen 0.09/turn    (no ring)
                     (no ring)

%: no passive effects
@: no status effects
A: almost no armour, amphibious, 8 rings, camouflage 1, gelatinous body 1,
(nimble swimmer 1), tentacles
a: Renounce Religion


You were on level 3 of the Dungeon.
You worshipped Qazlal.
Qazlal was noncommittal.
You visited 1 branch of the dungeon, and saw 3 of its levels.

You collected 148 gold pieces.

Inventory:

Hand Weapons
 h - a +0 scythe (weapon)
Scrolls
 a - a scroll of identify {unknown}
 b - a scroll of torment {unknown}
 d - a scroll of teleportation {unknown}
 e - a scroll of blinking {unknown}
 f - a scroll of amnesia {unknown}
Potions
 c - a potion of might
 g - a potion of curing {unknown}


   Skills:
 + Level 4.0 Fighting
 + Level 3.0 Maces & Flails
 + Level 0.7 Polearms
 + Level 4.2 Dodging
 + Level 1.7 Stealth
 + Level 3.9 Shields


You had 4 spell levels left.
You didn't know any spells.
Your spell library contained the following spells:

 Spells                   Type           Power      Damage    Failure   Level
 Ozocubu's Armour         Ice            0%         N/A       75%         3
 Metabolic Englaciation   Hex/Ice        0%         N/A       100%        5
 Simulacrum               Ice/Necr       0%         N/A       100%        6


Dungeon Overview and Level Annotations

Branches:
Dungeon (3/15)

Altars:
Qazlal

Annotations:
D:3 Robin


Innate Abilities, Weirdness & Mutations

You cannot wear most types of armour.
You are amphibious.
You can wear up to eight rings at the same time.
Your skin changes colour to match your surroundings (Stealth+).
Your rubbery body absorbs attacks. (AC +1, EV +1)
((You are camouflaged when in or above water. (Stealth+)))
You have tentacles for arms and can constrict up to eight enemies at once.


Message History

You kill the goblin!
Qazlal accepts your kill. The goblin barely misses you.
You slash the goblin!
You kill the goblin!
Qazlal accepts your kill. The adder barely misses you.
Robin throws the goblin at you! The goblin closely misses you.
You hit the adder. You grab the adder. You squeeze the adder.
The adder is heavily wounded.
You constrict the adder. The adder barely misses you.
Robin throws the goblin at you! The adder bites you.
The goblin closely misses you.
You hit the adder.
You kill the adder!
Qazlal accepts your kill. The goblin hits you with a +0 club.
Robin roars a battlecry!
The goblins go into a battle-frenzy!
The goblin hits you with a +0 club. x2; The goblin misses you.
The goblin hits you with a +0 club.
* * * LOW HITPOINT WARNING * * *
The goblin attacks as it pursues you! The goblin misses you.
The goblin attacks as it pursues you! The goblin hits you with a +0 club.
* * * LOW HITPOINT WARNING * * *
The goblin attacks as it pursues you! The goblin misses you.
The goblin attacks as it pursues you! The goblin hits you with a +0 club.
* * * LOW HITPOINT WARNING * * *
Robin points. "Kill!"
Robin throws the goblin at you! The goblin misses you.
You barely miss the goblin. You grab the goblin. You constrict the goblin.
The goblin closely misses you. The goblin misses you.
You puncture the goblin!
You kill the goblin!
Qazlal accepts your kill. The goblin hits you but does no damage.
The goblin misses you.
Robin laughs in a distinctly smug fashion.
The goblin misses you. The goblin hits you with a +0 club.
You die...

#########################
#>...hgg.................
#)w.ggg.@................
#)#######################
#..h...... #g.S......
#....ggg.....
#.##..g...... #
.......... #..g....(..
#..........


You could see Robin, a dart slug, a jackal, a hobgoblin (strong) and 3 goblins.

Vanquished Creatures
  Sigmund (D:2)
  2 adders
  A worm (D:2)
  4 dart slugs
  5 bats (D:2)
  An endoplasm (D:2)
  6 goblins
  2 hobgoblins
  2 jackals (D:1)
  3 ball pythons
  3 kobolds
  A rat (D:2)
31 creatures vanquished.

Notes
Turn   | Place    | Note
-------+----------+-------------------------------------------
     0 | D:1      | Maratek the Octopode Fighter began the quest for the Orb.
     0 | D:1      | Reached XP level 1. HP: 16/16 MP: 1/1
   324 | D:1      | Reached XP level 2. HP: 21/21 MP: 2/2
   733 | D:2      | Noticed Sigmund
   743 | D:2      | Killed Sigmund
   744 | D:2      | Reached XP level 3. HP: 24/27 MP: 3/3
   744 | D:2      | Reached XP level 4. HP: 30/33 MP: 4/4
   744 | D:2      | Reached XP level 5. HP: 34/37 MP: 5/5
   953 | D:2      | Found a stormy altar of Qazlal.
   990 | D:2      | Became a worshipper of Qazlal Stormbringer
  1021 | D:2      | Found a faded altar of an unknown god.
  1273 | D:2      | Reached skill level 1 in Stealth
  1573 | D:3      | Noticed Robin
  1593 | D:3      | Slain by a goblin

Illustrated notes

Levels and vault maps discovered:
D:1:      lemuel_arrival_cross, layout_basic, hangedman_abyss_or_decor_stabs,
          st_stairs_8, minivault_4, minmay_misc_feat_secret_circle
D:2:      layout_loops_ring, dreamdust_ecumenical_altar_statues, basic_altar,
          minmay_misc_feat_x, uniq_sigmund
D:3:      minmay_recursive_quarters, layout_basic, uniq_robin

Skill      XL: |  1  2  3  4  5 |
---------------+----------------+-----
Dodging        | 4 |  4.2
Fighting       | 4 |  4.0
Maces & Flails | 3 |  3.0
Stealth        | 1 |  1.7
Polearms       | |  0.7
Shields        | |  3.9

Action                     |  1- 3 |  4- 6 || total
---------------------------+-------+-------++-------
  Melee: Flail             |    18 |     3 ||    21
         Constrict         |     2 |    11 ||    13
         Tentacles         |     3 |     8 ||    11
         Halberd           |       |    43 ||    43
   Stab: Sleeping          |     1 |     9 ||    10
 Armour: Skin              |     7 |    33 ||    40
  Dodge: Dodged            |    15 |    51 ||    66
  Block: Buckler           |     6 |     1 ||     7

Table legend: (Time is in decaauts)
 A = Elapsed time spent in this place.
 B = Non-inter-level travel time spent in this place.
 C = Inter-level travel time spent in this place.
 D = Time resting spent in this place.
 E = Time spent auto-exploring this place.
 F = Levels seen in this place.
 G = Mean time per level.
                   A        B        C        D        E       F      G
               +--------+--------+--------+--------+--------+-----+--------+
         Total |   1619 |   1586 |     33 |      0 |   1324 |   3 |  539.7 |
       Dungeon |   1619 |   1586 |     33 |      0 |   1324 |   3 |  539.7 |
               +--------+--------+--------+--------+--------+-----+--------+

Top non-repeatable levels by time:
     D:2: 769 daAuts
     D:1: 736 daAuts
     D:3: 113 daAuts
